 Dungeon Crawl Stone Soup version 0.27.1 (webtiles) character file.

Game seed: 593629909243938865

5023 nxtlvl the Slicer (level 10, -2/72 HPs)
             Began as a Deep Elf Monk on Sept 3, 2021.
             Was a Priest of Hepliaklqana.
             Slain by a blink frog (10 damage)
             ... on level 2 of the Lair of Beasts.
             The game lasted 00:51:25 (4040 turns).

nxtlvl the Slicer (Deep Elf Monk)                   Turns: 4040, Time: 00:51:25

Health: -2/72      AC: 25    Str:  8    XL:     10   Next: 30%
Magic:  31/31      EV:  2    Int: 26    God:    Hepliaklqana [***...]
Gold:   381        SH:  5    Dex: 12    Spells: 14/22 levels left

rFire    . . .     SeeInvis +   a - +0 short sword
rCold    . . .     Faith    .   e - +0 buckler
rNeg     + + +     Spirit   .   (armour currently unavailable)
rPois    +         Reflect  .   (helmet currently unavailable)
rElec    .         Harm     .   (cloak currently unavailable)
rCorr    .         Rampage  .   (gloves currently unavailable)
Will     +....     NoTele   +   (boots currently unavailable)
Stlth    ++........             z - amulet of magic regeneration
HPRegen  0.22/turn              p - ring of see invisible
MPRegen  0.47/turn              x - ring "Wompus" {Drain +Blink MP+9 Int+7 Dex-5}

@: tree-form, very slightly contaminated, hasted, invisible, very quick
A: stationary, stasis, torment immunity, boosted hp, reduced essence
a: Renounce Religion, Evoke Blink, Recall Ancestor, Ancestor Identity,
Transference


You were on level 2 of the Lair of Beasts.
You worshipped Hepliaklqana.
Hepliaklqana was most pleased with you.
You were a tree.
You visited 3 branches of the dungeon, and saw 11 of its levels.
You also visited: Ossuary.

You collected 486 gold pieces.
You spent 105 gold pieces at shops.

Inventory:

Hand Weapons
 a - a +0 short sword (weapon)
 k - a +2 hand axe of flaming
 o - a +0 long sword
 u - a +0 quarterstaff
Missiles
 g - 52 arrows
 h - 17 poisoned darts (quivered)
 n - a throwing net
Armour
 c - a +0 ring mail (melded)
 d - a +0 cloak of poison resistance (melded)
 e - a +0 buckler (worn)
 f - a +1 pair of boots (melded)
Magical Staves
 s - a staff of air
 t - a staff of poison
 L - a staff of fire
Jewellery
 p - a ring of see invisible (left branch)
 x - the ring "Wompus" (right branch) {Drain +Blink MP+9 Int+7 Dex-5}
   (You acquired it on level 5 of the Dungeon)

   [ring of magical power]

   Int:       It affects your intelligence (+7).
   Dex:       It affects your dexterity (-5).
   MP:        It affects your magic capacity (+9).
   +Blink:    It lets you blink.
   Drain:     It drains your maximum health when unequipped.
 z - an amulet of magic regeneration (around neck)
 F - a ring of fire
 G - a ring of flight
Wands
 E - a wand of iceblast (8)
Scrolls
 j - 2 scrolls of teleportation
 m - 3 scrolls of enchant armour {unknown}
 v - a scroll of noise
 w - a scroll of brand weapon
 y - 2 scrolls of blinking {unknown}
 B - 2 scrolls of fear {unknown}
 C - a scroll of immolation
 D - a scroll of torment
 H - a scroll of fog {unknown}
 J - a scroll of holy word {unknown}
Potions
 q - 2 potions of brilliance
 r - 2 potions of curing
 A - a potion of lignification
 I - a potion of flight


   Skills:
 - Level 2.4 Fighting
 - Level 8.0 Short Blades
 + Level 7.8 Dodging
 + Level 2.9 Stealth
 - Level 4.0 Shields
 + Level 6.6 Spellcasting
 - Level 8.0 Hexes
 * Level 3.4 Summonings
 - Level 7.0 Ice Magic


You had 14 spell levels left.
You knew the following spells:

 Your Spells              Type           Power      Damage    Failure   Level
z - Ensorcelled Hibernat  Hex/Ice        94%        N/A       1%          2
Z - Shadow Creatures      Summ           N/A        N/A       94%         6

Your spell library contained the following spells:

 Spells                   Type           Power      Damage    Failure   Level
 Corona                   Hex            55%        N/A       1%          1
 Tukima's Dance           Hex            50%        N/A       1%          3
 Static Discharge         Conj/Air       8%         N/A       10%         2
 Spider Form              Tmut/Pois      4%         N/A       19%         3
 Dispel Undead            Necr           8%         3d8       54%         4
 Sticky Flame             Conj/Fire      8%         2d3       54%         4


Dungeon Overview and Level Annotations

Branches:
Dungeon (8/15)             Temple (1/1) D:5            Lair (2/6) D:8
Ossuary (visited)
  Swamp: Lair:2-4    Shoals: Lair:2-4     Snake: Lair:2-4    Spider: Lair:2-4

Altars:
Ashenzari
Cheibriados
Dithmenos
Elyvilon
Fedhas
Hepliaklqana
Kikubaaqudgha
Makhleb
Okawaru
Qazlal
Ru
Trog
Wu Jian
Xom
Yredelemnul
Zin
The Shining One
Lugonu

Shops:
D:4 *


Message History

The blink frog barely misses you.
You catch the helpless blink frog completely off-guard!
You puncture the blink frog!
You kill the blink frog!
You hit the blink frog.
The blink frog is severely wounded.
The blink frog hits you but does no damage.
You hit the blink frog.
The blink frog is severely wounded.
You closely miss the blink frog.
The blink frog is severely wounded.
The blink frog barely misses you.
You miss the blink frog.
The blink frog is severely wounded.
The blink frog barely misses you.
You hit the blink frog but do no damage.
The blink frog is severely wounded.
You hit the blink frog.
The blink frog is severely wounded.
The blink frog closely misses you.
You barely miss the blink frog.
The blink frog is severely wounded.
The blink frog hits you!
* * * LOW HITPOINT WARNING * * *
The blink frog blinks!
Really quaff the potion of lignification?
You turn into a tree.
Your +0 cloak of poison resistance melds into your body.
Your +1 pair of boots melds into your body.
Your +0 ring mail melds into your body.
You no longer feel resistant to poison.
Your roots penetrate the ground.
The blink frog hits you but does no damage.
Unknown command.
You miss the blink frog.
The blink frog is severely wounded.
The blink frog hits you but does no damage.
You hit the blink frog.
The blink frog is almost dead.
The blink frog hits you!
You die...

## #.# F.# ###..#
#..# ### ## ## #..##
..# .. ..##P.
#.#F##..# #. #.....
####♣#.# .## #....P
#.#F# ..###..... #
##..##
#.#P#...#.#.###.#..#
<......#.#.##.#..###
.....###........##
.....# ###.P##.P#
....#####.####.##
)...###...P# #..


You could see 2 blink frogs.

Vanquished Creatures
  Pikel (D:6)
  A cyclops (D:6)
  A hornet (D:8)
  2 blink frogs (Lair:2)
  A sky beast (D:7)
  An ice beast (D:6)
  A black bear (D:6)
  4 ogres
  7 scorpions
  A water moccasin skeleton (D:7)
  A howler monkey (D:6)
  A bullfrog zombie (D:5)
  A hound (D:4)
  A bullfrog skeleton (D:7)
  An iguana (D:8)
  An orc wizard (D:6)
  3 scorpion zombies (Ossuary)
  2 mummies (Ossuary)
  2 gnolls (D:6)
  3 adders
  2 shadow imps (D:5)
  3 white imps
  A dart slug (D:4)
  10 orcs
  A ball python (D:4)
  3 endoplasms (D:4)
  2 goblins
  2 kobolds
  2 gnoll zombies (Ossuary)
  A goblin zombie (Ossuary)
  A kobold zombie (Ossuary)
  3 orc zombies (Ossuary)
  A quokka skeleton (D:4)
68 creatures vanquished.

Vanquished Creatures (collateral kills)
  2 basilisks (D:8)
  A yak (Lair:1)
  4 water moccasins
  2 black bears
  An ice beast (D:7)
  A necrophage (D:7)
  An orc warrior (D:5)
  7 scorpions (Ossuary)
  A bullfrog zombie (D:7)
  2 centaur zombies
  2 orc priests (D:5)
  A jelly (D:7)
  A gnoll shaman (D:6)
  A bullfrog skeleton (D:7)
  A human zombie (Ossuary)
  2 iguanas (D:6)
  3 scorpion zombies (Ossuary)
  A mummy (Ossuary)
  3 gnolls (D:6)
  An adder (D:5)
  A shadow imp (D:5)
  An ufetubus (D:6)
  7 orcs
  A hobgoblin zombie (Ossuary)
  2 orc zombies (Ossuary)
50 creatures vanquished.

Vanquished Creatures (others)
  5 hexers
  3 fungi (D:8)
  19 plants
27 creatures vanquished.

Grand Total: 145 creatures vanquished

Notes
Turn   | Place    | Note
-------+----------+-------------------------------------------
     0 | D:1      | nxtlvl the Deep Elf Monk began the quest for the Orb.
     0 | D:1      | Reached XP level 1. HP: 13/13 MP: 3/3
   168 | D:4      | Noticed an ogre
   182 | D:4      | Killed an ogre
   183 | D:4      | Reached skill level 5 in Short Blades
   183 | D:4      | Reached XP level 2. HP: 10/18 MP: 4/4
   183 | D:4      | Reached XP level 3. HP: 12/22 MP: 5/5
   183 | D:4      | Reached XP level 4. HP: 15/27 MP: 6/6
   245 | D:4      | Noticed an ogre
   253 | D:4      | Killed an ogre
   254 | D:4      | Reached XP level 5. HP: 24/31 MP: 7/7
   293 | D:4      | Found Kur Imarch's General Store.
   517 | D:4      | Noticed a phantom
   646 | D:5      | Entered Level 5 of the Dungeon
   696 | D:5      | Reached XP level 6. HP: 21/36 MP: 8/8
   708 | D:5      | Found a transporter.
   720 | D:5      | Found a transporter.
   853 | D:5      | Found a staircase to the Ecumenical Temple.
  1024 | D:5      | Noticed an orc warrior
  1138 | D:4      | Bought a +0 cloak of poison resistance for 85 gold pieces
  1138 | D:4      | Bought a scroll of identify for 20 gold pieces
  1225 | D:5      | Noticed an orc warrior
  1278 | D:5      | Reached skill level 5 in Dodging
  1278 | D:5      | Reached skill level 1 in Shields
  1344 | D:5      | Reached XP level 7. HP: 24/40 MP: 9/9
  1376 | Temple   | Entered the Ecumenical Temple
  1402 | Temple   | Became a worshipper of Hepliaklqana the Forgotten
  1402 | Temple   | Reached * piety under Hepliaklqana
  1402 | Temple   | Reached ** piety under Hepliaklqana
  1403 | Temple   | Remembered your ancestor Zimri-Dagan as a hexer
  1643 | D:5      | Identified a scroll of acquirement
  1644 | D:5      | Acquired the ring "Wompus" {Drain +Blink MP+9 Int+7 Dex-5}
  1649 | D:5      | Learned a level 2 spell: Ensorcelled Hibernation
  1862 | D:6      | Reached XP level 8. HP: 28/40 MP: 10/10
  1897 | D:6      | Reached skill level 1 in Spellcasting
  1897 | D:6      | Reached skill level 1 in Hexes
  1897 | D:6      | Reached skill level 1 in Ice Magic
  2054 | D:6      | Noticed Pikel
  2292 | D:6      | Found a broken altar of Ashenzari.
  2338 | D:6      | Found a sand-covered staircase.
  2404 | Ossuary  | Entered an ossuary
  2670 | Ossuary  | Reached skill level 5 in Hexes
  2696 | Ossuary  | Reached XP level 9. HP: 10/44 MP: 14/16
  2745 | Ossuary  | HP: 1/44 [mummy (16)]
  3007 | D:6      | Found a sacrificial altar of Ru.
  3176 | D:8      | Found a staircase to the Lair.
  3205 | D:7      | Reached skill level 5 in Ice Magic
  3228 | D:7      | Found a shadowy altar of Dithmenos.
  3340 | D:6      | Noticed a cyclops
  3349 | D:6      | Killed a cyclops
  3382 | D:6      | Killed Pikel
  3383 | D:6      | Reached skill level 5 in Spellcasting
  3505 | D:7      | Learned a level 6 spell: Shadow Creatures
  3543 | D:7      | Found an ancient bone altar of Kikubaaqudgha.
  3595 | D:7      | Found a bloodstained altar of Trog.
  3634 | D:7      | Found a glowing golden altar of the Shining One.
  3637 | D:7      | Found a basalt altar of Yredelemnul.
  3640 | D:7      | Found a burning altar of Makhleb.
  3703 | D:8      | Reached skill level 1 in Summonings
  3703 | D:8      | Reached XP level 10. HP: 33/48 MP: 20/20
  3864 | D:8      | Reached *** piety under Hepliaklqana
  3921 | Lair:1   | Entered Level 1 of the Lair of Beasts
  4040 | Lair:2   | Slain by a blink frog

Illustrated notes

Levels and vault maps discovered:
D:1:      dpeg_arrival_rhombus, layout_loops_corners,
          amcnicky_mini_rare_corridor_liquid, corexii_leaking_fountain,
          serial_park_tiny_pond, chequers_serial_rivers_micro_e
D:2:      layout_basic, shapermc_ecumenical_altar_venn,
          minmay_randomly_rotated_circles, uniq_jessica
D:3:      layout_loops_corners, kennysheep_doodads
D:4:      layout_loops_ring, serial_shops, shop, chequers_avenue
D:5:      gammafunk_wand_slinger, layout_loops_ring,
          minmay_temple_entry_statues, portal_sewer_entry_b, serial_bayou_pond_a
D:6:      layout_basic, nicolae_ru_the_path_less_chosen, amcnicky_altar_gilded,
          nicolae_ossuary_entry_false_entrances, uniq_pikel, uniq_prince_ribbit1
D:7:      layout_basic, trog_book, nicolae_uskayaw_murder_on_the_dancefloor,
          overflow_temple_1_default, marbit_many_paths,
          grunt_temple_overflow_diamond, kennysheep_generic_room_8
D:8:      layout_basic, minmay_lair_entry_grove
Temple:   corrupted_temple
Lair:1:   layout_loops_ring, chequers_serial_rivers_small_a, roderic_batcave,
          serial_bayou_shore_b
Lair:2:   layout_layer_cave, guppyfry_snake_entry_island

Skill      XL: |  1  2  3  4  5  6  7  8  9 10 |
---------------+-------------------------------+-----
Short Blades   | 5 6 7 8 |  8.0
Dodging        | 4 5 6 7 |  7.8
Shields        | 1 4 |  4.0
Spellcasting   | 3 5 6 |  6.6
Hexes          | 5 8 |  8.0
Ice Magic      | 4 6 7 |  7.0
Summonings     | 1 3 |  3.4
Fighting       | |  2.4
Stealth        | |  2.9

Action                   |  1- 3 |  4- 6 |  7- 9 | 10-12 || total
-------------------------+-------+-------+-------+-------++-------
Melee: Short sword       |    18 |    78 |   233 |    78 ||   407
Throw: Dart              |       |    18 |    32 |       ||    50
 Cast: Ensorcelled Hiber |       |       |     6 |     9 ||    15
Invok: Ancestor Life: He |       |       |     1 |       ||     1
       Recall Ancestor   |       |       |     3 |     2 ||     5
Evoke: Wand              |     1 |     5 |    12 |       ||    18
  Use: Potion            |       |     1 |     6 |     4 ||    11
       Scroll            |       |     1 |     7 |     3 ||    11
 Stab: Paralysed         |     3 |     4 |       |       ||     7
       Distracted        |       |     2 |     3 |     2 ||     7
       Sleeping          |       |     2 |     5 |     5 ||    12
       Confused          |       |       |     8 |       ||     8
       Invisible         |       |       |     3 |     6 ||     9
Armor: Robe              |     1 |     4 |       |       ||     5
       Leather armour    |       |     3 |    25 |       ||    28
       Ring mail         |       |       |     6 |    11 ||    17
       Skin              |       |       |       |     2 ||     2
Dodge: Dodged            |     6 |    36 |    80 |    49 ||   171
Block: Buckler           |       |     1 |    25 |    13 ||    39
